 Dungeon Crawl Stone Soup version 0.29.1-2-gbd0b4ee654 (webtiles) character file.

Game seed: 7763312614744722220

513 boopmooplesden the Chopper (level 7, -5/61 HPs)
             Began as a Minotaur Berserker on Nov 29, 2022.
             Was a Believer of Trog.
             Slain by a gnoll
             ... wielding a +0 club
             ... led by a gnoll bouda
              (6 damage)
             ... on level 5 of the Dungeon.
             The game lasted 00:05:03 (5223 turns).

boopmooplesden the Chopper (Minotaur Berserker)     Turns: 5223, Time: 00:05:05

Health: -5/61      AC:  7    Str: 23    XL:     7   Next: 0%
Magic:  6/6        EV: 11    Int: 10    God:    Trog [**....]
Gold:   132        SH:  0    Dex: 10    Spells: 6/6 levels left

rFire   . . .      SeeInvis .   a - +0 hand axe
rCold   . . .      Faith    .   (no shield)
rNeg    + . .      Spirit   .   m - +0 ring mail
rPois   .          Reflect  .   (helmet restricted)
rElec   .          Harm     .   p - +0 cloak
rCorr   .          Rampage  .   (no gloves)
Will    .....                   (no boots)
Stlth   +.........              (no amulet)
HPRegen 0.20/turn               h - +6 ring of intelligence
MPRegen 0.10/turn               o - ring of positive energy

@: on berserk cooldown, slowed, very slow
A: horns 2, retaliatory headbutt
a: Renounce Religion, Berserk, Trog's Hand


You were on level 5 of the Dungeon.
You worshipped Trog.
Trog was pleased with you.
You visited 1 branch of the dungeon, and saw 5 of its levels.

You collected 132 gold pieces.

Inventory:

Hand Weapons
 a - a +0 hand axe (weapon)
Armour
 m - a +0 ring mail (worn)
 p - a +0 cloak (worn)
Jewellery
 h - a +6 ring of intelligence (left hand)
 i - a ring of ice
 l - a ring of protection from fire
 o - a ring of positive energy (right hand)
 r - a ring of protection from fire
Scrolls
 c - a scroll of immolation
 f - 2 scrolls of noise
 n - a scroll of torment {unknown}
 q - a scroll of identify
Potions
 b - 4 potions of curing {unknown}
 d - 2 potions of haste
 e - 2 potions of attraction
 g - a potion of heal wounds
 j - a potion of might {unknown}
 k - a potion of magic {unknown}


   Skills:
 + Level 5.6 Fighting
 + Level 6.5 Axes
 + Level 4.1 Armour
 + Level 3.5 Dodging
 + Level 1.8 Stealth


You had 6 spell levels left.
You didn't know any spells.
Your spell library was empty.

Dungeon Overview and Level Annotations

Branches:
Dungeon (5/15)
 Temple: D:4-7

Altars:
Ashenzari
Cheibriados
Kikubaaqudgha
Okawaru
Qazlal
Sif Muna
Trog
Uskayaw
Vehumet
Wu Jian
Xom
Yredelemnul

Shops:
D:4 !(


Innate Abilities, Weirdness & Mutations

You have a pair of horns on your head.
You reflexively headbutt those who attack you in melee.


Message History

A gnoll comes into view. It is wielding a +0 club.
Your attacks no longer feel as feeble.
The gnoll shouts!
The gnoll hits you but does no damage.
Things that are here:
a +0 club; a gnoll corpse You hit the ogre.
The ogre is moderately wounded.
You barely miss the gnoll.
You are no longer berserk.
You are exhausted.
You feel yourself slow down. The ogre barely misses you.
You hit the ogre but do no damage. Your headbutt misses the ogre.
The ogre is moderately wounded.
You hit the gnoll.
The gnoll throws a throwing net.
The throwing net hits you.
You become entangled in the net!
The gnoll barely misses you.
The ogre hits you with a +0 giant spiked club!
You struggle against the net.
The gnoll hits you with a +0 spear.
The ogre hits you with a +0 giant spiked club!
The gnoll hits you but does no damage. The gnoll hits you with a +0 club.
You struggle against the net.
The gnoll hits you but does no damage. x2
The ogre hits you with a +0 giant spiked club!
* * * LOW HITPOINT WARNING * * *
You struggle against the net.
The gnoll barely misses you. The gnoll hits you but does no damage.
The ogre hits you with a +0 giant spiked club.
* * * LOW HITPOINT WARNING * * *
The gnoll hits you with a +0 spear.
* * * LOW HITPOINT WARNING * * *
The gnoll hits you but does no damage.
You shred the net and break free! The gnoll hits you with a +0 club.
* * * LOW HITPOINT WARNING * * *
The gnoll barely misses you. The ogre closely misses you.
The ogre attacks as you move away! The ogre hits you but does no damage.
The gnoll hits you from afar with a +0 spear.
* * * LOW HITPOINT WARNING * * *
The gnoll hits you from afar with a +0 spear.
* * * LOW HITPOINT WARNING * * *
The gnoll hits you with a +0 club.
You die...

......#,,,,,,,,#(....#
...##.#,******,#.....#
...##.#,*,,,,#.#.....#
......#,*,**,#.#.....#
....#.#,*,,*,#.#.....##
##..#.#,*,,*,#.#......#
##...#,****,#.#......#
*#..#,,,,,,#.#.##...#
*..**######.#@)#...#
**,,,..?...gg))....#
**,,,,.$.....O.##...#
**,,,,,........###...#
**,,,,,,........# #...#
*,,,,,,,........# #...#
,,,,,,,,........# ##..#
,,,,,,,,........# *..#
,,,,,,,,........#* *.##


You could see an ogre and 2 gnolls.

Vanquished Creatures
  A water moccasin (D:5)
  A phantom (D:5)
  A scorpion (D:4)
  A jelly (D:5)
  A hound (D:3)
  A gnoll bouda (D:5)
  2 iguanas (D:4)
  3 gnolls (D:5)
  4 adders
  An ufetubus (D:4)
  2 dart slugs (D:2)
  10 orcs (D:3)
  4 endoplasms
  2 giant cockroaches
  6 goblins
  7 hobgoblins
  4 jackals (D:2)
  4 quokkas
  5 ball pythons
  4 bats
  3 kobolds
67 creatures vanquished.

Notes
Turn   | Place    | Note
-------+----------+-------------------------------------------
     0 | D:1      | boopmooplesden the Minotaur Berserker began the quest for
                  | the Orb.
     0 | D:1      | Reached XP level 1. HP: 19/19 MP: 0/0
     3 | D:1      | Noticed an electric eel
     4 | D:1      | Noticed an electric eel
   770 | D:2      | Reached XP level 2. HP: 27/27 MP: 1/1
   976 | D:2      | Reached skill level 4 in Axes
  1304 | D:2      | Reached XP level 3. HP: 28/34 MP: 2/2
  1982 | D:3      | Found a faded altar of an unknown god.
  2016 | D:3      | Identified the +1 robe "Futrit" {Will++ Int-3}
  2051 | D:3      | Reached ** piety under Trog
  2055 | D:3      | Reached skill level 1 in Stealth
  2059 | D:3      | Reached XP level 4. HP: 21/41 MP: 3/3
  2793 | D:3      | Found a broken altar of Ashenzari.
  2969 | D:3      | Found a radiant altar of Vehumet.
  3103 | D:3      | Found a hide-covered altar of Uskayaw.
  3104 | D:3      | Found an ancient bone altar of Kikubaaqudgha.
  3104 | D:3      | Found a shimmering blue altar of Sif Muna.
  3104 | D:3      | Found an iron altar of Okawaru.
  3104 | D:3      | Found a bloodstained altar of Trog.
  3104 | D:3      | Found a stormy altar of Qazlal.
  3105 | D:3      | Found a basalt altar of Yredelemnul.
  3106 | D:3      | Found an ornate altar of the Wu Jian Council.
  3107 | D:3      | Found a snail-covered altar of Cheibriados.
  3109 | D:3      | Found a shimmering altar of Xom.
  3235 | D:4      | Reached skill level 5 in Axes
  3235 | D:4      | Reached XP level 5. HP: 37/47 MP: 4/4
  3823 | D:4      | Found Teoweeplo's Distillery.
  3889 | D:4      | Reached skill level 5 in Fighting
  3910 | D:4      | Found Puugahuc's Antique Weapon Shoppe.
  4375 | D:5      | Entered Level 5 of the Dungeon
  4375 | D:5      | Noticed a water moccasin
  4385 | D:5      | Killed a water moccasin
  4386 | D:5      | Reached XP level 6. HP: 38/56 MP: 5/5
  4640 | D:5      | Reached skill level 6 in Axes
  5216 | D:5      | Reached XP level 7. HP: 61/61 MP: 6/6
  5223 | D:5      | HP: 1/61 [gnoll/+0 spear[a gnoll bouda] (4)]
  5223 | D:5      | Slain by a gnoll

Illustrated notes

Levels and vault maps discovered:
D:1:      arrival_aquarium_b, layout_basic
D:2:      layout_loops_ring, grunt_ministairs_8, corexii_item_surrounded_by_moat
D:3:      layout_rooms, minitemple, ashenzari_conservatory_becter,
          ebering_ecumenical_altar_ruins
D:4:      layout_gridville, serial_shops, nicolae_shop_hallway_plus,
          kennysheep_mini_moat, minmay_misc_feat_secret_circle
D:5:      layout_cave_pods, gammafunk_ghost_arena,
          nicolae_concentric_dashed_squares_mild, minivault_5, uniq_sigmund

Skill      XL: |  1  2  3  4  5  6 |
---------------+-------------------+-----
Fighting       | 4 5 |  5.6
Axes           | 4 5 6 |  6.5
Stealth        | 1 |  1.8
Dodging        | 3 |  3.5
Armour         | 3 4 |  4.1

Action                   |  1- 3 |  4- 6 |  7- 9 || total
-------------------------+-------+-------+-------++-------
Melee: Hand axe          |    62 |    89 |     2 ||   153
       Headbutt          |     7 |    10 |       ||    17
       Punch             |     1 |       |       ||     1
Invok: Berserk           |     1 |     5 |       ||     6
  Use: Scroll            |     6 |     2 |       ||     8
       Potion            |       |     1 |       ||     1
 Stab: Sleeping          |     2 |     1 |       ||     3
Armor: Animal skin       |     9 |       |       ||     9
       Ring mail         |       |    21 |     7 ||    28
Dodge: Dodged            |    42 |    54 |     5 ||   101
